 Dungeon Crawl Stone Soup version 0.29.1-1-gd02db6906a (webtiles) character file.

Game seed: 2215014094305208932

2712 Godmorgon the Destroyer (level 9, -2/45 HPs)
             Began as a Tengu Conjurer on Oct 13, 2022.
             Was a Follower of Vehumet.
             Slain by Erica
             ... wielding a +4 scimitar of flaming
              (4 damage)
             ... on level 8 of the Dungeon.
             The game lasted 00:49:40 (10212 turns).

Godmorgon the Destroyer (Tengu Conjurer)           Turns: 10212, Time: 00:49:41

Health: -2/45      AC: 11    Str:  7    XL:     9   Next: 66%
Magic:  9/27       EV: 14    Int: 23    God:    Vehumet [*.....]
Gold:   307        SH:  5    Dex: 13    Spells: 9/19 levels left

rFire   . . .      SeeInvis .   a - +0 rapier
rCold   . . .      Faith    .   (no shield)
rNeg    + . .      Spirit   .   F - +2 robe {rN+}
rPois   .          Reflect  +   (helmet restricted)
rElec   .          Harm     .   e - +2 cloak
rCorr   .          Rampage  .   (no gloves)
Will    .....                   (boots unavailable)
Stlth   ++........              E - amulet of reflection
HPRegen 0.15/turn               K - +4 ring of protection
MPRegen 0.20/turn               x - ring of magical power

@: flying quickly and evasively, slowed, very slow
A: beak, talons 3, nimble flight
a: Renounce Religion


You were on level 8 of the Dungeon.
You worshipped Vehumet.
Vehumet was aware of your devotion.
You visited 2 branches of the dungeon, and saw 9 of its levels.
You also visited: Sewer.

You collected 307 gold pieces.

Inventory:

Hand Weapons
 a - a +0 rapier (weapon)
Missiles
 B - 6 silver javelins
 M - 2 poisoned darts
Armour
 c - a +0 kite shield
 e - a +2 cloak (worn)
 F - a +2 robe of positive energy (worn)
Jewellery
 n - a ring of see invisible
 u - an amulet of faith
 x - a ring of magical power (right hand)
 C - a ring of fire
 E - an amulet of reflection (around neck)
 K - a +4 ring of protection (left hand)
Wands
 o - a wand of flame (40)
 v - a wand of quicksilver (2)
Scrolls
 f - 3 scrolls of fear
 g - 3 scrolls of silence
 h - 3 scrolls of amnesia
 i - 2 scrolls of enchant armour
 k - a scroll of torment {unknown}
 l - a scroll of summoning {unknown}
 q - 3 scrolls of immolation
 t - a scroll of brand weapon {unknown}
 y - a scroll of poison {unknown}
 A - 2 scrolls of butterflies {unknown}
 G - 2 scrolls of vulnerability {unknown}
 H - a scroll of teleportation {unknown}
 I - a scroll of noise {unknown}
 J - a scroll of blinking {unknown}
Potions
 b - a potion of haste {unknown}
 d - 2 potions of ambrosia
 j - 3 potions of curing
 m - a potion of resistance
 p - a potion of attraction {unknown}
 r - 2 potions of magic
 s - 4 potions of brilliance
 w - a potion of lignification {unknown}
 z - a potion of mutation {unknown}
 D - 2 potions of berserk rage
 L - a potion of heal wounds {unknown}


   Skills:
 - Level 3.0 Short Blades
 - Level 2.1 Dodging
 - Level 2.0 Stealth
 + Level 2.1 Shields
 + Level 5.9 Spellcasting
 * Level 12.4 Conjurations
 - Level 6.0 Summonings
 * Level 2.6 Ice Magic


You had 9 spell levels left.
You knew the following spells:

 Your Spells              Type           Power      Damage    Failure   Level
c - Call Canine Familiar  Summ           34%        N/A       2%          3
d - Magic Dart            Conj           100%       1d8       1%          1
h - Hailstorm             Conj/Ice       41%        3d10      3%          4
s - Searing Ray           Conj           100%       2d8       1%          2

Your spell library contained the following spells:

 Spells                   Type           Power      Damage    Failure   Level
 Foxfire                  Conj/Fire      100%       2x1d9     1%          1
 Dazzling Flash           Conj/Hex       70%        N/A       1%          3
 Freeze                   Ice            76%        1d9       3%          1
 Fulminant Prism          Conj/Hex       17%        3d11      7%          4
 Iskenderun's Mystic Bla  Conj/Tloc      35%        2d8       7%          4
 Frozen Ramparts          Ice            38%        1d6       9%          3
 Irradiate                Conj/Tmut      17%        3d17      19%         5
 Portal Projectile        Hex/Tloc       12%        N/A       26%         3
 Corpse Rot               Necr/Pois/Air  6%         N/A       65%         4
 Dispel Undead            Necr           6%         3d8       65%         4
 Leda's Liquefaction      Hex/Erth       3%         N/A       65%         4
 Blade Hands              Tmut           3%         N/A       94%         5
 Death Channel            Necr           3%         N/A       100%        6
 Dragon Form              Tmut           3%         N/A       100%        7


Dungeon Overview and Level Annotations

Branches:
Dungeon (8/15)             Temple (1/1) D:7           Sewer (visited)
   Lair: D:8-11

Altars:
Ashenzari
Cheibriados
Dithmenos
Fedhas
Gozag
Hepliaklqana
Kikubaaqudgha
Makhleb
Nemelex Xobeh
Okawaru
Qazlal
Ru
Sif Muna
Trog
Uskayaw
Vehumet
Wu Jian
Xom
Yredelemnul
Zin
The Shining One

Shops:
D:3 :

Annotations:
D:2 1 runed translucent door, Crazy Yiuf
D:6 1 runed translucent door, hawla's ghost, novice DEFE
D:7 1 exclusion
D:8 Erica


Innate Abilities, Weirdness & Mutations

You have a beak for a mouth.
You have claws for feet.
Your magical nature lets you fly swiftly and evasively.


Message History

Casting: Searing Ray (safe; 1% risk of failure)
Confirm with . or Enter, or press ? or * to list all spells.
Okay, then.
Casting: Searing Ray (safe; 1% risk of failure)
Confirm with . or Enter, or press ? or * to list all spells.
Erica hits you but does no damage. The kobold closely misses you.
Casting: Call Canine Familiar (dangerous; 2% risk of failure)
Confirm with . or Enter, or press ? or * to list all spells.
Aiming: Searing Ray (safe; 1% risk of failure)
Press: ? - help, Shift-Dir - straight line, f - kobold, p - Erica
Aim: a kobold, wielding a +0 dagger and quivering stones (79% to hit)
The searing ray hits Erica.
Erica is heavily wounded.
The searing ray hits the kobold!
You kill the kobold!
Vehumet accepts your kill. (Press . to maintain the ray.)
Your hound bites the kobold.
The kobold dies!
Vehumet accepts your kill. Erica closely misses you.
Your hound bites Erica but does no damage.
The kobold misses you.
Erica hits you with a +4 scimitar of flaming!
* * * LOW HITPOINT WARNING * * *
Erica burns you.
* * * LOW HITPOINT WARNING * * *
Okay, then.
The searing ray hits Erica.
Erica is heavily wounded.
Your hound bites Erica.
The kobold barely misses you.
Erica points at you and mumbles some strange words.
You are confused.
Your hound barely misses Erica.
You feel better.
Your hound bites Erica but does no damage.
Erica hits you with a +4 scimitar of flaming!
* * * LOW HITPOINT WARNING * * *
Erica burns you.
You die...

.....#.....#.......#
.....#.....#.......#
....##.....#.......#
....##.....#.......#
...........#....$..#
##..##.....#......)######
##..##.....#......).....#
....##.....######)#.....#
....##.....##...@h# ....#
##..##......#...K@# K..#
######......'.....'. ..#
.# #.....##.....#... K.
.# #.....##.....#.)....
## #.....######## ....
#...... ... ........ ...
........


You could see Erica (ally target), a kobold and a friendly hound (summoned).

Vanquished Creatures
  Sigmund (D:2)
  A shadow (D:7)
  A water moccasin (D:5)
  Duvessa (D:4)
  A sky beast (D:6)
  A black bear (D:7)
  2 ogres
  A centaur (D:8)
  A phantom (D:7)
  A kobold brigand (D:8)
  4 bullfrogs
  A necrophage (D:7)
  A gnoll sergeant (D:7)
  A scorpion (D:6)
  Dowan (D:4)
  3 wights (D:5)
  5 killer bees (D:7)
  3 howler monkeys
  5 hounds
  2 jellies
  Jessica (D:3)
  An iguana (D:5)
  An orc wizard (D:5)
  Robin (D:2)
  7 gnolls
  10 adders
  2 shadow imps
  2 worms (D:5)
  A dart slug (D:1)
  5 orcs
  4 bats
  5 endoplasms
  8 giant cockroaches
  17 goblins
  7 hobgoblins
  9 jackals
  4 quokkas
  8 ball pythons
  9 frilled lizards
  14 kobolds
  10 rats
163 creatures vanquished.

Vanquished Creatures (collateral kills)
  A wight (D:5)
  An endoplasm (D:4)
  A jackal (D:5)
  A kobold (D:8)
4 creatures vanquished.

Vanquished Creatures (others)
  2 fungi (D:2)
2 creatures vanquished.

Grand Total: 169 creatures vanquished

Notes
Turn   | Place    | Note
-------+----------+-------------------------------------------
     0 | D:1      | Godmorgon the Tengu Conjurer began the quest for the Orb.
     0 | D:1      | Reached XP level 1. HP: 10/10 MP: 4/4
   308 | D:1      | Reached XP level 2. HP: 15/15 MP: 3/6
   313 | D:1      | Learned a level 2 spell: Searing Ray
   562 | D:1      | Found a faded altar of an unknown god.
   636 | D:1      | Reached skill level 6 in Conjurations
   861 | D:1      | Reached XP level 3. HP: 16/19 MP: 3/7
  1737 | D:2      | Noticed Robin
  1764 | D:2      | Killed Robin
  1964 | D:2      | Reached XP level 4. HP: 24/24 MP: 6/9
  1984 | D:2      | Noticed Sigmund
  1992 | D:2      | Killed Sigmund
  1993 | D:2      | Reached skill level 8 in Conjurations
  1993 | D:2      | Gained mutation: Your magical nature lets you fly swiftly
                  | and evasively. [Tengu growth]
  1993 | D:2      | Reached XP level 5. HP: 10/28 MP: 0/11
  2328 | D:2      | Reached XP level 6. HP: 32/32 MP: 7/12
  2409 | D:2      | You are sucked into a shaft and drop 1 floor!
  2433 | D:3      | Found Lakhiawn's Vocational Training.
  3125 | D:2      | Found a runed translucent door.
  3126 | D:2      | Noticed Crazy Yiuf
  3165 | D:3      | Found a broken altar of Ashenzari.
  3552 | D:3      | Noticed Jessica
  3556 | D:3      | Killed Jessica
  4264 | D:5      | Entered Level 5 of the Dungeon
  4533 | D:5      | Found a glowing drain.
  4549 | Sewer    | Entered a sewer
  4578 | Sewer    | Reached skill level 9 in Conjurations
  4664 | Sewer    | Reached XP level 7. HP: 32/36 MP: 14/14
  5156 | D:7      | Learned a level 3 spell: Call Canine Familiar
  5205 | D:7      | Reached skill level 1 in Summonings
  5341 | D:7      | Reached skill level 1 in Short Blades
  5345 | D:7      | Reached skill level 10 in Conjurations
  5739 | D:7      | Found a shimmering blue altar of Sif Muna.
  5743 | D:7      | Found a staircase to the Ecumenical Temple.
  5747 | D:7      | Reached XP level 8. HP: 41/41 MP: 15/15
  5764 | D:7      | Identified the +3 trident "Cigoesot" {drain, Stlth+}
  5788 | Temple   | Entered the Ecumenical Temple
  5825 | Temple   | Became a worshipper of Vehumet
  6188 | D:4      | Noticed Duvessa
  6216 | D:4      | Killed Duvessa
  6413 | D:4      | Found a shadowy altar of Dithmenos.
  6418 | D:4      | Found a glowing silver altar of Zin.
  6422 | D:4      | Found a snail-covered altar of Cheibriados.
  6424 | D:4      | Found a sparkling altar of Nemelex Xobeh.
  6427 | D:4      | Found an iron altar of Okawaru.
  6431 | D:4      | Found a burning altar of Makhleb.
  6538 | D:4      | Noticed Dowan
  6550 | D:4      | Killed Dowan
  6551 | D:4      | Reached skill level 5 in Spellcasting
  7308 | D:5      | Reached skill level 11 in Conjurations
  7427 | D:5      | Reached skill level 5 in Summonings
  8009 | D:6      | Reached XP level 9. HP: 45/45 MP: 18/18
  8128 | D:6      | Reached * piety under Vehumet
  8128 | D:6      | Offered knowledge of Foxfire by Vehumet.
  8209 | D:6      | Found a runed translucent door.
  8215 | D:6      | Learned a level 4 spell: Hailstorm
  8220 | D:6      | Noticed hawla's ghost (novice DEFE)
  8643 | D:7      | Reached skill level 1 in Shields
  8643 | D:7      | Reached skill level 1 in Ice Magic
  9625 | D:7      | Reached skill level 12 in Conjurations
  9726 | D:7      | Noticed an eight-headed hydra
 10205 | D:8      | Noticed Erica
 10212 | D:8      | HP: 2/45 [Erica/+4 scimitar of flaming (10)]
 10212 | D:8      | Slain by Erica

Illustrated notes

Levels and vault maps discovered:
D:1:      roderic_chinese_lattice_arrival, layout_loops_corners,
          hellmonk_ecumenical_altar_crossroads
D:2:      wad_crossroads, layout_loops_ring, uniq_robin, uniq_sigmund,
          uniq_crazy_yiuf_cottage
D:3:      layout_basic, evilmike_ruin_ashenzari, corexii_corridor_pit,
          nicolae_shop_vocational, uniq_jessica
D:4:      layout_basic, nicolae_overflow_hallway_of_the_gods, uniq_duvessa
D:5:      layout_gridville, portal_sewer_entry_e
D:6:      layout_loops_ring, ebering_ghost_sewer_d
D:7:      minmay_chambers_of_sevens, layout_loops_ring, kennysheep_mini,
          minmay_temple_entry_trees, eino_jars
D:8:      layout_gridville, uniq_erica
Temple:   nicolae_temple_ecumenical_triangle

Skill      XL: |  1  2  3  4  5  6  7  8  9 |
---------------+----------------------------+-----
Conjurations   | 6 8 9 10 11 12 | 12.4
Spellcasting   | 3 4 5 |  5.9
Summonings     | 2 5 6 |  6.0
Short Blades   | 1 2 3 |  3.0
Shields        | 2 |  2.1
Ice Magic      | 2 |  2.6
Dodging        | |  2.1
Stealth        | |  2.0

Action                   |  1- 3 |  4- 6 |  7- 9 || total
-------------------------+-------+-------+-------++-------
Melee: Dagger            |    11 |    10 |       ||    21
       Peck              |     2 |     3 |     4 ||     9
       Kick              |     3 |     6 |     8 ||    17
       Rapier            |       |       |    12 ||    12
 Cast: Magic Dart        |    14 |     1 |     3 ||    18
       Searing Ray       |    26 |    44 |    70 ||   140
       Call Canine Famil |       |       |     7 ||     7
       Hailstorm         |       |       |     2 ||     2
  Use: Scroll            |       |     7 |     8 ||    15
       Potion            |       |       |     2 ||     2
 Stab: Sleeping          |       |     1 |       ||     1
Armor: Robe              |     5 |     2 |    19 ||    26
Dodge: Dodged            |    10 |     8 |    48 ||    66
Block: Other             |       |       |    13 ||    13
       Reflection        |       |       |     2 ||     2
